Map: Mech Depot LE

Players

SpeCial - Winner!

  • Race: Terran Terran
  • Spawn Location: 7:00

Pokebunny

  • Race: Terran Terran
  • Spawn Location: 1:00

Event: WCS Montreal 2017

VOD

Have the link to the VOD?

Description

Time

  • Played on: Sept. 8, 2017, 12:13 p.m.
  • Length: 10:12

All games in this series

Show
View Real Time Build Order
Export as new Build Order

SpeCial Terran - Winner!

Build Orders: 1/1/1, Cyclone Opening, MMM Bio 

Get SALT Encoding   

  12  0:00  SCV  
  13  0:12  SCV  
  14  0:17  Supply Depot  
  14  0:24  SCV  
  15  0:29  Refinery  
  15  0:39  SCV  
  16  0:45  Barracks  
  16  0:51  SCV  
  16  0:55  Refinery  
  17  1:03  SCV  
  18  1:15  SCV  
  19  1:33  Factory  
  19  1:34  Orbital Command  
  19  1:36  Reaper  
  20  1:43  Supply Depot  
  20  1:59  SCV  
  21  2:09  Reaper  
  21  2:11  SCV  
  23  2:18  Starport, Hellion  
  25  2:23  SCV  
  25  2:27  Supply Depot  
  26  2:35  SCV  
  27  2:39  Cyclone  
  27  2:42  Barracks Tech Lab  
  30  2:48  SCV  
  31  3:00  SCV  
  32  3:07  Raven  
  34  3:15  Command Center  
  34  3:17  SCV  
  35  3:26  Supply Depot  
  35  3:29  SCV  
  36  3:34  Cyclone  
  39  3:48  Supply Depot, SCV  
  38  3:59  Raven  
  38  4:00  SCV  
  41  4:09  Barracks Reactor, Hellion  
  43  4:12  SCV  
  44  4:24  SCV  
  44  4:31  Orbital Command  
  45  4:36  SCV  
  42  4:48  Command Center, Marine x2, Factory Tech Lab, SCV  
  45  4:58  SCV  
  46  5:00  Siege Tank  
  46  5:01  SCV  
  46  5:02  Viking  
  46  5:06  Marine x2  
  54  5:07  Supply Depot  
  54  5:09  Refinery  
  54  5:12  SCV  
  54  5:13  SCV  
  56  5:21  Refinery  
  56  5:24  SCV  
  56  5:25  SCV  
  58  5:30  Supply Depot  
  58  5:34  Siege Tank  
  61  5:36  SCV  
  61  5:37  SCV, Barracks Tech Lab  
  61  5:39  Viking  
  65  5:48  SCV  
  65  5:49  SCV  
  67  5:50  Viking  
  67  5:54  Supply Depot  
  67  5:56  Marine, Engineering Bay  
  70  5:58  Engineering Bay  
  70  6:01  Orbital Command, SCV  
  71  6:07  Siege Tank  
  71  6:10  SCV  
  75  6:13  SCV  
  75  6:14  Marine  
  77  6:19  Stimpack  
  77  6:22  Viking, SCV  
  77  6:25  SCV  
  81  6:26  SCV  
  81  6:28  Terran Infantry Weapons Level 1  
  81  6:29  Terran Infantry Armor Level 1  
  81  6:32  Marine  
  83  6:37  SCV  
  83  6:38  SCV  
  85  6:42  Barracks, SCV  
  85  6:46  Barracks  
  86  6:48  Supply Depot  
  86  6:49  Supply Depot, SCV  
  86  6:50  Marine, SCV  
  89  6:54  SCV  
  89  7:00  Siege Tank  
  89  7:01  Starport Reactor, SCV  
  93  7:02  SCV  
  93  7:06  SCV  
  96  7:09  Marine  
  96  7:13  SCV  
  96  7:14  Supply Depot, SCV  
  96  7:18  SCV  
  96  7:21  Supply Depot  
  97  7:23  Supply Depot  
  97  7:25  SCV  
  97  7:26  SCV  
  97  7:27  Marine  
  100  7:30  SCV  
  100  7:32  Barracks  
  100  7:35  Siege Tank  
  102  7:38  SCV x2  
  102  7:39  Marine  
  102  7:40  Viking x2, Barracks, Barracks Reactor  
  102  7:42  Marine  
  102  7:43  SCV  
  111  7:49  Marine  
  111  7:50  SCV x2  
  114  7:55  SCV  
  110  8:02  SCV x2  
  107  8:07  Marine, SCV  
  107  8:10  Viking  
  112  8:14  SCV  
  112  8:15  SCV  
  112  8:19  SCV  
  112  8:23  Combat Shields, Barracks Reactor  
  112  8:25  Marine  
  112  8:26  SCV, Barracks Reactor  
  112  8:27  SCV, Refinery  
  115  8:28  Supply Depot, Refinery  
  115  8:29  Supply Depot, Barracks Reactor  
  115  8:30  Barracks Reactor  
  115  8:31  SCV  
  116  8:35  Factory Tech Lab  
  116  8:38  SCV  
  116  8:39  Missile Turret x2  
  117  8:43  Marine  
  117  8:44  Starport Reactor  
  117  8:45  Missile Turret  
  117  8:46  SCV x2  
  118  8:50  SCV  
  118  8:53  Armory  
  119  9:01  Marine x3  
  122  9:04  Marine x2  
  122  9:07  Siege Tank, Missile Turret  
  122  9:08  SCV  
  122  9:09  SCV  
  127  9:10  Marine  
  127  9:11  Marine  
  127  9:13  Marine  
  130  9:18  Supply Depot x2, Marine  
  130  9:19  Marine x3  
  130  9:23  Marine x2  
  136  9:25  Medivac x2  
  136  9:28  Marine x2  
  136  9:30  Bunker  
  136  9:31  Marine  
  143  9:36  Marine x3  
  139  9:39  Siege Tank  
  139  9:41  Marine  
  139  9:43  Marine  
  139  9:44  Marine  
  131  9:45  Marine  
  131  9:46  Marine  
  131  9:48  Marine  
Show
View Real Time Build Order
Export as new Build Order

Pokebunny Terran 

Build Orders: Gas First Reaper Expand, Reaper Expand, MMM Bio 

Get SALT Encoding   

  12  0:00  SCV  
  13  0:12  SCV  
  14  0:17  Supply Depot  
  14  0:24  SCV  
  15  0:28  Refinery  
  15  0:39  SCV  
  16  0:44  Barracks  
  16  0:51  SCV  
  17  1:03  SCV  
  18  1:15  SCV  
  19  1:30  Orbital Command  
  19  1:31  Reaper  
  20  1:42  Command Center  
  20  1:52  Factory  
  20  1:56  SCV  
  21  2:02  Refinery  
  21  2:07  Barracks Reactor  
  21  2:10  SCV  
  21  2:13  Supply Depot  
  22  2:22  SCV  
  23  2:35  SCV  
  24  2:37  Starport  
  24  2:42  Marine x2  
  28  2:47  SCV  
  27  2:54  Widow Mine  
  27  2:55  Orbital Command  
  28  2:59  SCV  
  28  3:01  Marine x2  
  31  3:11  SCV  
  32  3:15  Medivac  
  32  3:18  Marine  
  32  3:19  Marine  
  36  3:22  SCV  
  36  3:23  SCV  
  36  3:25  Hellion  
  36  3:38  Marine x2  
  38  3:51  Cyclone  
  38  3:55  Viking  
  41  3:56  Marine x2  
  41  3:57  SCV  
  44  4:06  Supply Depot  
  44  4:09  SCV  
  45  4:13  Marine  
  46  4:18  Orbital Command  
  46  4:24  Marine  
  46  4:27  Factory Tech Lab  
  46  4:28  Viking  
  46  4:30  SCV  
  46  4:31  Marine  
  47  4:42  Marine, SCV  
  49  4:51  SCV  
  50  4:55  SCV  
  50  4:56  Marine  
  50  4:59  Factory Tech Lab, Marine  
  52  5:04  SCV  
  54  5:07  Supply Depot  
  54  5:09  Refinery  
  54  5:27  Supply Depot  
  54  5:29  Raven, Marine x2, SCV x2  
  54  5:31  Supply Depot  
  60  5:41  Barracks  
  60  5:42  Barracks, SCV x2, Engineering Bay  
  62  5:48  Marine x2  
  62  5:49  Siege Tank  
  67  5:50  Supply Depot  
  67  5:53  Refinery  
  67  5:54  SCV x2  
  69  6:05  Supply Depot  
  69  6:06  SCV x2  
  69  6:10  Terran Infantry Weapons Level 1  
  71  6:21  Viking x2, Barracks, Siege Tank  
  71  6:23  Barracks, Stimpack  
  78  6:26  Marine  
  78  6:30  SCV x2  
  78  6:31  Barracks Reactor x2  
  81  6:45  Supply Depot, Marine  
  81  6:46  Supply Depot  
  82  6:53  Viking, Siege Tank  
  87  6:57  Viking  
  89  7:06  Marine  
  90  7:11  Supply Depot, Marine, Barracks Reactor x2  
  90  7:12  Marine x3  
  93  7:15  Supply Depot  
  93  7:24  Medivac  
  93  7:27  Medivac  
  93  7:28  Supply Depot  
  97  7:33  Siege Tank  
  100  7:43  Marine x3  
  100  7:44  Marine x2  
  99  8:03  Marine  
  99  8:04  Marine x5  
  99  8:05  Marine x2  
  103  8:07  Siege Tank  
  103  8:08  Medivac  
  103  8:09  Medivac  
  108  8:20  Marine  
  108  8:23  Marine x2  
  108  8:24  Combat Shields, Marine x3  
  108  8:27  Marine x3  
  114  8:29  Supply Depot  
  116  8:37  Marine  
  116  8:41  Marine  
  118  8:45  Siege Tank, Marine x3  
  118  8:46  Medivac  
  126  8:52  Supply Depot x2, Medivac  
  126  8:54  Marine  
  129  9:14  Marine  
  129  9:15  Supply Depot, Marine x7  
  137  9:23  Siege Tank  
  108  9:45  Marine  
  108  9:46  Marine x8  
Tags
 
Add a new tag
Caveats
  • Supply blocks, unpowered buildings, or Contaminate may cause inaccurate times.
  • Supply counts are checked every 10 seconds.